 Dungeon Crawl Stone Soup version 0.30-a0-629-gd54f4be4f7 (webtiles) character file.

Game seed: 14934577342556844526

289 larrydude the Insei (level 6, -4/43 HPs)
             Began as an Octopode Monk on Jan 12, 2023.
             Was a Believer of Okawaru.
             Slain by Grinder (8 damage)
             ... on level 4 of the Dungeon.
             The game lasted 00:09:19 (3334 turns).

larrydude the Insei (Octopode Monk)                 Turns: 3334, Time: 00:09:20

Health: -4/43      AC:  0    Str: 10    XL:     6   Next: 31%
Magic:  6/6        EV: 21    Int: 14    God:    Okawaru [**....]
Gold:   165        SH:  5    Dex: 20    Spells: 5/5 levels left

rFire   . . .      SeeInvis .      - Unarmed
rCold   . . .      Faith    .    (shield currently unavailable)
rNeg    . . .      Spirit   .    (helmet currently unavailable)
rPois   .          Reflect  +    j - amulet of reflection
rElec   .          Harm     .    (ring currently unavailable)
rCorr   .          Rampage  .    (ring currently unavailable)
Will    .....                    (ring currently unavailable)
Stlth   +++                      (ring currently unavailable)
HPRegen 0.27/turn                (ring currently unavailable)
MPRegen 0.10/turn                (ring currently unavailable)
                                 (ring currently unavailable)
                                 (ring currently unavailable)

@: bat-form, flying, very quick
A: fast, flying, no casting, almost no armour, (amphibious), (8 rings), tiny,
(camouflage 1), (gelatinous body 1), (nimble swimmer 1), (tentacles)
a: Renounce Religion, Heroism


You were on level 4 of the Dungeon.
You worshipped Okawaru.
Okawaru was pleased with you.
You were a bat.
You visited 1 branch of the dungeon, and saw 4 of its levels.

You collected 165 gold pieces.

Inventory:

Missiles
 d - 5 boomerangs (quivered)
 f - 40 stones
Jewellery
 b - an amulet of the acrobat
 c - a ring of magical power (melded)
 j - an amulet of reflection (around neck)
Scrolls
 e - a scroll of teleportation
Potions
 a - a potion of ambrosia
 h - 2 potions of might
 i - 2 potions of flight
 k - 2 potions of mutation
 l - a potion of curing {unknown}


   Skills:
 * Level 3.8 Fighting
 * Level 3.7 Dodging
 - Level 5.0 Stealth
 * Level 5.2 Unarmed Combat


You had 5 spell levels left.
You didn't know any spells.
Your spell library contained the following spells:

 Spells                   Type           Power      Damage    Failure   Level
 Sublimation of Blood     Necr           0%         N/A       41%         2
 Wereblood                Tmut           0%         N/A       41%         2
 Dazzling Flash           Conj/Hex       0%         N/A       65%         3
 Iskenderun's Mystic Bla  Conj/Tloc      0%         2d3       96%         4
 Starburst                Conj/Fire      0%         6d3       100%        6
 Summon Hydra             Summ           Unusable   N/A       N/A         7

Dungeon Overview and Level Annotations

Branches:
Dungeon (4/15)
 Temple: D:4-7

Altars:
Ashenzari
Okawaru
Vehumet

Annotations:
D:4 Grinder


Innate Abilities, Weirdness & Mutations

You are a bat.
You are tiny and dextrous.
You move quickly.
You are flying.
Your equipment is almost entirely melded.
You are incapable of wielding weapons or throwing items.
You cannot cast spells.
You cannot wear most types of armour.
((You are amphibious.))
((You can wear up to eight rings at the same time.))
((Your skin changes colour to match your surroundings (Stealth+).))
((Your rubbery body absorbs attacks. (AC +1, EV +1)))
((You are camouflaged when in or above water. (Stealth+)))
((You have tentacles for arms and can constrict up to eight enemies at once.))


Message History

You writhe in agony.
* * * LOW HITPOINT WARNING * * *
You can move again.
You feel much better. Something hits you.
You miss something. You tentacle-slap something. Your squeeze misses something.
You tentacle-slap something. You squeeze something. Something hits you!
You tentacle-slap something. Your squeeze misses something.
Pain shoots through your body!
* * * LOW HITPOINT WARNING * * *
You feel much better. Something hits you but does no damage.
You barely miss something. Your squeeze misses something.
Items here: ! ) / [.
You hear a zap.
Something tries to affect you, but you resist.
You closely miss something. Something hits you.
You writhe in agony.
You tentacle-slap something. Your squeeze misses something.
You hear a zap.
You turn into a bat.
Your ring of magical power melds into your body.
You feel your magic capacity decrease.
You hit something but do no damage. Something barely misses you.
You closely miss something. Something hits you.
You writhe in agony.
You hit something but do no damage. Something closely misses you.
You hit something but do no damage. You hit something but do no damage.
Pain shoots through your body!
You barely miss something. Something hits you!
You writhe in agony.
* * * LOW HITPOINT WARNING * * *
You closely miss something. Something closely misses you.
You barely miss something. Something hits you!
* * * LOW HITPOINT WARNING * * *
You closely miss something. Something closely misses you.
You hit something but do no damage. Something barely misses you.
You barely miss something. You block something's attack.
You closely miss something. Something closely misses you.
You hit something but do no damage. You hit something.
Something closely misses you.
You hit something but do no damage. You block something's attack.
Okay, then.
You hit something but do no damage. Something hits you!
You die...

#.# #.# #.# ####.## ###.....#
#.......# # #.#..)..# ######
#.. #.......####....# #...
#..#.b........#.# .....
.....#{#........#.# .....
#.#..#............# ..... #.#.
#.{#######.### .... # #.
#..?.......# .... #.#######..#
###############.#######>.###.#
..............>................
#######........)###############


There were no monsters in sight!

Vanquished Creatures
  A scorpion (D:4)
  A hound (D:4)
  An iguana (D:4)
  Ijyb (D:4)
  An orc wizard (D:3)
  6 adders
  2 dart slugs (D:1)
  7 orcs (D:3)
  7 endoplasms
  2 giant cockroaches
  2 goblins
  4 hobgoblins
  7 jackals
  2 quokkas
  2 ball pythons (D:1)
  6 bats
  3 frilled lizards
  6 kobolds
  4 rats
65 creatures vanquished.

Notes
Turn   | Place    | Note
-------+----------+-------------------------------------------
     0 | D:1      | larrydude the Octopode Monk began the quest for the Orb.
     0 | D:1      | Reached XP level 1. HP: 16/16 MP: 1/1
    60 | D:1      | Reached XP level 2. HP: 19/21 MP: 2/2
   543 | D:1      | Reached XP level 3. HP: 26/26 MP: 3/3
  1799 | D:3      | Found an iron altar of Okawaru.
  1807 | D:3      | Became a worshipper of Warmaster Okawaru
  1807 | D:3      | Reached * piety under Okawaru
  1807 | D:3      | Reached ** piety under Okawaru
  1818 | D:3      | Reached XP level 4. HP: 23/31 MP: 4/4
  2442 | D:3      | Reached XP level 5. HP: 36/36 MP: 5/5
  2750 | D:3      | Reached skill level 5 in Stealth
  2753 | D:3      | Found a radiant altar of Vehumet.
  2813 | D:4      | Found a broken altar of Ashenzari.
  2880 | D:4      | Identified the amulet "Win Amur" {+Inv Fly rC+ Regen+ Dex-2
                  | Slay-3}
  2906 | D:4      | Reached XP level 6. HP: 22/43 MP: 6/6
  3148 | D:4      | Reached skill level 5 in Unarmed Combat
  3265 | D:4      | Noticed Ijyb
  3291 | D:4      | Noticed Grinder
  3299 | D:4      | Killed Ijyb
  3305 | D:4      | Paralysed by something for 2 turns
  3326 | D:4      | HP: 2/43 [something (7)]
  3334 | D:4      | Slain by Grinder

Illustrated notes

Levels and vault maps discovered:
D:1:      grunt_arrival_lava_bath, layout_basic, st_stairs_7
D:2:      layout_loops_cross
D:3:      layout_basic, okawaru_gym_becter, nicolae_vehumet_altar_sigil
D:4:      layout_basic, ashenzari_conservatory_becter, minmay_distorted,
          uniq_grinder, uniq_ijyb

Skill      XL: |  1  2  3  4  5  6 |
---------------+-------------------+-----
Stealth        | 3 4 5 |  5.0
Unarmed Combat | 4 5 |  5.2
Fighting       | |  3.8
Dodging        | |  3.7

Action                   |  1- 3 |  4- 6 || total
-------------------------+-------+-------++-------
Melee: Unarmed           |    70 |   101 ||   171
       Constrict         |    17 |    20 ||    37
       Tentacles         |     9 |    19 ||    28
       Punch             |     1 |     5 ||     6
Throw: Stone             |     4 |       ||     4
       Boomerang         |       |     4 ||     4
Invok: Heroism           |       |     1 ||     1
  Use: Scroll            |     7 |     6 ||    13
       Potion            |       |     2 ||     2
 Stab: Sleeping          |    20 |     7 ||    27
Armor: Skin              |     2 |     2 ||     4
Dodge: Dodged            |    27 |    36 ||    63
Block: Other             |     2 |    16 ||    18

Table legend: (Time is in decaauts)
 A = Elapsed time spent in this place.
 B = Non-inter-level travel time spent in this place.
 C = Inter-level travel time spent in this place.
 D = Time resting spent in this place.
 E = Time spent auto-exploring this place.
 F = Levels seen in this place.
 G = Mean time per level.
                   A        B        C        D        E       F      G
               +--------+--------+--------+--------+--------+-----+--------+
         Total |   3322 |   3184 |    138 |    336 |   2206 |   4 |  830.5 |
       Dungeon |   3322 |   3184 |    138 |    336 |   2206 |   4 |  830.5 |
               +--------+--------+--------+--------+--------+-----+--------+

Top non-repeatable levels by time:
     D:1: 1133 daAuts
     D:3: 974 daAuts
     D:2: 696 daAuts
     D:4: 518 daAuts
